 Dungeon Crawl Stone Soup version 0.28.0-45-g0d030f2227 (webtiles) character file.

Game seed: 10239375587129302998

2 CuBeRJAN3 the Cudgeller (level 1, 0/23 HPs)
             Began as a Gnoll Cinder Acolyte on Apr 1, 2022.
             Was a High Priest of Ignis.
             Slain by a kobold
             ... wielding a +0 mace
              (6 damage)
             ... on level 1 of the Dungeon.
             The game lasted 00:00:50 (117 turns).

CuBeRJAN3 the Cudgeller (Gnoll Cinder Acolyte)       Turns: 117, Time: 00:00:51

Health: 0/23       AC:  2    Str: 13    XL:     1   Next: 40%
Magic:  4/4        EV: 11    Int: 13    God:    Ignis [*****.]
Gold:   0          SH:  0    Dex:  7    Spells: 5/5 levels left

rFire   + . .      SeeInvis .   a - -1 mace (flame)
rCold   . . .      Faith    .   (no shield)
rNeg    . . .      Spirit   .   b - +0 robe
rPois   .          Reflect  .   (no helmet)
rElec   .          Harm     .   (no cloak)
rCorr   .          Rampage  .   (no gloves)
Will    .....                   (no boots)
Stlth   +.........              (no amulet)
HPRegen 0.07/turn               (no ring)
MPRegen 0.09/turn               (no ring)

@: no status effects
A: fangs 1, strong nose, distributed training
a: Renounce Religion, Fiery Armour, Foxfire Swarm, Rising Flame


You were on level 1 of the Dungeon.
You worshipped Ignis.
Ignis was extremely pleased with you.
You visited 1 branch of the dungeon, and saw 1 of its levels.

Inventory:

Hand Weapons
 a - a -1 mace of flaming (weapon)
Armour
 b - a +0 robe (worn)


   Skills:
 + Level 6.4 Fighting
 + Level 0.0 Short Blades
 + Level 0.0 Long Blades
 + Level 0.0 Axes
 + Level 6.4 Maces & Flails
 + Level 0.0 Polearms
 + Level 0.0 Staves
 + Level 0.0 Slings
 + Level 0.0 Bows
 + Level 0.0 Crossbows
 + Level 0.0 Throwing
 + Level 0.0 Armour
 + Level 0.0 Dodging
 + Level 0.0 Stealth
 + Level 0.0 Shields
 + Level 0.0 Unarmed Combat
 + Level 2.6 Spellcasting
 + Level 0.0 Conjurations
 + Level 0.0 Hexes
 + Level 0.0 Summonings
 + Level 0.0 Necromancy
 + Level 0.0 Translocations
 + Level 0.0 Transmutations
 + Level 5.3 Fire Magic
 + Level 0.0 Ice Magic
 + Level 0.0 Air Magic
 + Level 0.0 Earth Magic
 + Level 0.0 Poison Magic
 + Level 0.1 Invocations
 + Level 0.0 Evocations


You had 5 spell levels left.
You didn't know any spells.
Your spell library contained the following spells:

 Spells                   Type           Power      Damage    Failure   Level
 Scorch                   Fire           30%        2d7       4%          2


Dungeon Overview and Level Annotations

Branches:
Dungeon (1/15)

Altars:


Innate Abilities, Weirdness & Mutations

You have very sharp teeth.
Your uncanny sense of smell can sniff out nearby items.
Your experience applies equally to all skills.


Message History

The Orb of Zot is coveted for many reasons.
Will you seize it for your own? The flames of Ignis gently warm you.
Press ? for a list of commands and other information.
Found a staircase leading out of the dungeon.
Welcome back, CuBeRJAN3 the Gnoll Cinder Acolyte.
The flames of Ignis gently warm you.
Press ? for a list of commands and other information.
You open the large door.
A hobgoblin comes into view.
The hobgoblin shouts!
A hobgoblin comes into view.
The hobgoblin shouts!
There is a large open door here.
The hobgoblin throws a stone.
The stone hits you.
You sock the hobgoblin! You burn the hobgoblin.
You kill the hobgoblin!
The hobgoblin throws a stone.
The stone hits you.
You barely miss the hobgoblin. Your bite misses the hobgoblin.
The hobgoblin barely misses you.
You sock the hobgoblin! You burn the hobgoblin.
You kill the hobgoblin!
Okay, then.
You start resting.
HP restored.
There is a staircase leading out of the dungeon here.
You open the door.
There is an open door here.
You open the door.
A kobold comes into view. It is wielding a +0 mace.
There is an open door here.
You barely miss the kobold. The kobold hits you with a +0 mace.
You completely miss the kobold. Your bite misses the kobold.
The kobold closely misses you.
You barely miss the kobold. Your bite misses the kobold.
The kobold hits you with a +0 mace.
You barely miss the kobold. The kobold hits you with a +0 mace.
You hit the kobold but do no damage. The kobold hits you with a +0 mace.
* * * LOW HITPOINT WARNING * * *
The kobold hits you with a +0 mace.
You die...

##.........##
##...........#
.#............+#
........<.....8+
#............##
##...........#
##.........##
###8'8#8###
######@######
#....K......#
#§≈§.....≈≈≈#
###≈≈§≈≈≈§###
####+####


You could see a kobold.

Vanquished Creatures
  2 hobgoblins (D:1)
2 creatures vanquished.

Notes
Turn   | Place    | Note
-------+----------+-------------------------------------------
     0 | D:1      | CuBeRJAN3 the Gnoll Cinder Acolyte began the quest for the
                  | Orb.
     0 | D:1      | Reached XP level 1. HP: 23/23 MP: 4/4
   117 | D:1      | Slain by a kobold

Illustrated notes

Levels and vault maps discovered:
D:1:      dpeg_arrival_morbid_curiosity, layout_basic,
          hellmonk_ecumenical_altar_inner_sanctum

Action                   || total
-------------------------++-------
Melee: Mace              ||     8
Dodge: Dodged            ||     2
